 Dungeon Crawl Stone Soup version 0.19.1-1-g22dce08 (webtiles) character file.

583 w00t the Skirmisher (level 7, -4/44 HPs)
             Began as a Gargoyle Fighter on Jan 14, 2017.
             Slain by a troll (9 damage)
             ... on level 5 of the Dungeon.
             The game lasted 00:04:18 (5682 turns).

w00t the Skirmisher (Gargoyle Fighter)              Turns: 5682, Time: 00:04:18

Health: -4/44      AC: 13    Str: 18 (20) XL:     7   Next: 37%
Magic:  7/7        EV: 10    Int: 11 (13) God:
Gold:   279        SH:  4    Dex:  9 (11) Spells: 0 memorised, 6 levels left

rFire  + . .     SeeInvis .     a - +0 flail
rCold  x . .     Gourm    .     b - +0 scale mail
rNeg   + . .     Faith    .     y - +0 buckler
rPois  ∞         Spirit   .     (no helmet)
rElec  +         Reflect  .     (no cloak)
rCorr  .         Harm     .     (no gloves)
MR     .....                    o - +0 pair of boots
Stlth  ..........               (no amulet)
                                (no ring)
                                l - ring of fire {rF+, rC-}

@: brilliant
A: negative energy resistance 1, electricity resistance, unbreathing,
petrification resistance, rot immunity, AC +4
a: no special abilities


You were on level 5 of the Dungeon.
You were not hungry.

You visited 1 branch of the dungeon, and saw 5 of its levels.

You collected 279 gold pieces.

Inventory:

Hand Weapons
 a - a +0 flail (weapon)
Missiles
 e - 119 stones (quivered)
Armour
 b - a +0 scale mail (worn)
 c - a +0 shield
 o - a +0 pair of boots (worn)
 q - a +2 pair of gloves
 y - a +0 buckler (worn)
Jewellery
 l - a ring of fire (left hand) {rF+, rC-}
Wands
 A - a wand of iceblast (8/15)
 B - a wand of confusion (37/48)
Scrolls
 j - 4 scrolls of remove curse {@r2}
 k - 3 scrolls of identify {unknown}
 n - a scroll of recharging {unknown}
 p - 4 scrolls of magic mapping {unknown}
 v - a scroll of immolation {unknown}
 w - a scroll of fog {unknown}
Potions
 d - a potion of might
 r - a potion of brilliance
 s - 4 potions of curing {unknown}
 u - a potion of flight {unknown}
 C - a potion of ambrosia {unknown}
Books
 x - a book of Minor Magic

   Spells                             Type                      Level
   a - Magic Dart                     Conjuration                  1
   b - Blink                          Translocation                2
   c - Call Imp                       Summoning                    2
   d - Repel Missiles                 Charms/Air                   2
   e - Slow                           Hexes                        2
   f - Conjure Flame                  Conjuration/Fire             3
   g - Mephitic Cloud                 Conjuration/Poison/Air       3
Comestibles
 f - 2 bread rations
 g - 7 fruits
 h - 3 slices of pizza
 t - a beef jerky
 z - 2 meat rations


   Skills:
 + Level 5.3 Fighting
 + Level 4.1 Maces & Flails
 + Level 5.2 Armour
 + Level 2.1 Dodging
 - Level 4.3 Shields


You had 6 spell levels left.
You didn't know any spells.

Dungeon Overview and Level Annotations

Branches:
Dungeon (5/15)             Temple (0/1) D:5

Altars:
The Shining One


Innate Abilities, Weirdness & Mutations

You are resistant to torment.
Your stone body is resilient. (AC +4)
You are immune to poison.
You resist negative energy. (rN+)
You are resistant to electric shocks. (rElec)
You can survive without breathing.
You are immune to petrification.
You are immune to rotting.


Message History

The troll is heavily wounded.
The troll bites you.
* * * LOW HITPOINT WARNING * * *
You block the troll's attack. The troll claws you but does no damage.
You barely miss the troll.
The troll is heavily wounded.
You block the troll's attack. The troll claws you.
* * * LOW HITPOINT WARNING * * *
The troll claws you.
* * * LOW HITPOINT WARNING * * *
It was a potion of degeneration.
There was something very wrong with that liquid.
You feel weakened.
You feel dopey.
You feel clumsy. The troll bites you but does no damage.
The troll claws you but does no damage. The troll claws you.
* * * LOW HITPOINT WARNING * * *
It was a potion of brilliance.
You feel clever all of a sudden. The troll bites you!
You die...

##### #.... . #.#.# #.
#####.#.# .#. #.....#.#
.(#. #.....#.# #.(..
#.....#.#
....$.############.....#.#
....((.ZT@.............#.#
....#############..#####.#
. ..............#.....#
#############.#.#####
....[....# #.#.#####
.#######.# #.#.#.... .
#.###.#......
#.....######.
######..####### ##


You could see a troll and a worker ant zombie.

Vanquished Creatures
  2 centaurs
  2 howler monkeys
  A centaur zombie (D:4)
  An orc priest (D:3)
  3 orc wizards (D:4)
  Jessica (D:2)
  A howler monkey skeleton (D:4)
  5 adders
  3 gnolls
  A worm (D:5)
  2 dart slugs
  5 leopard geckos
  9 orcs
  A ball python (D:1)
  A giant cockroach (D:5)
  11 goblins
  7 hobgoblins (D:1)
  8 jackals
  3 quokkas
  3 bats
  5 frilled lizards
  3 kobolds
  7 rats
85 creatures vanquished.

Notes
Turn   | Place    | Note
-------+----------+-------------------------------------------
     0 | D:1      | w00t the Gargoyle Fighter began the quest for the Orb.
     0 | D:1      | Reached XP level 1. HP: 14/14 MP: 1/1
   548 | D:1      | Reached XP level 2. HP: 19/19 MP: 2/2
   850 | D:1      | Found a glowing golden altar of the Shining One.
   988 | D:1      | Reached XP level 3. HP: 23/23 MP: 3/3
  1577 | D:2      | Reached XP level 4. HP: 12/29 MP: 4/4
  2246 | D:2      | Noticed Jessica
  2266 | D:2      | Killed Jessica
  2266 | D:2      | Reached XP level 5. HP: 7/33 MP: 5/5
  3863 | D:4      | Reached XP level 6. HP: 39/39 MP: 6/6
  3948 | D:4      | Reached skill level 1 in Dodging
  4372 | D:4      | Reached skill level 5 in Fighting
  4643 | D:4      | Reached skill level 5 in Armour
  4670 | D:4      | Reached XP level 7. HP: 34/44 MP: 7/7
  5022 | D:5      | Entered Level 5 of the Dungeon
  5337 | D:5      | Found a staircase to the Ecumenical Temple.
  5667 | D:5      | Noticed a troll
  5682 | D:5      | Slain by a troll

Skill      XL: |  1  2  3  4  5  6  7 |
---------------+----------------------+-----
Fighting       | 4 5 |  5.3
Armour         | 4 5 |  5.2
Shields        | 4 |  4.3
Maces & Flails | 3 4 |  4.1
Dodging        | 1 2 |  2.1

Action                   |  1- 3 |  4- 6 |  7- 9 || total
-------------------------+-------+-------+-------++-------
Melee: Flail             |   156 |   207 |    48 ||   411
Throw: Stone             |    43 |   101 |    41 ||   185
  Use: Potion            |     1 |     1 |     2 ||     4
       Scroll            |       |     2 |       ||     2
  Eat: Chunk             |     2 |     9 |     4 ||    15
       Fruit             |       |     1 |       ||     1
Armor: Scale mail        |    80 |   130 |    37 ||   247
Dodge: Dodged            |    33 |    69 |    31 ||   133
Block: Shield            |    86 |    68 |       ||   154
       Buckler           |       |    25 |    14 ||    39
